 Dungeon Crawl Stone Soup version 0.30-a0-777-ga9a30cbeda (webtiles) character file.

Game seed: 9807173802559128466

170 Hubris850 the Shooter (level 5, -8/25 HPs)
             Began as a Spriggan Hexslinger on Feb 14, 2023.
             Shot with an arrow by a centaur (17 damage)
             ... on level 7 of the Dungeon.
             The game lasted 00:07:44 (2618 turns).

Hubris850 the Shooter (Spriggan Hexslinger)         Turns: 2618, Time: 00:07:45

Health: -8/25      AC:  2    Str:  6    XL:     5   Next: 26%
Magic:  2/8        EV: 17    Int: 14    God:
Gold:   151        SH:  0    Dex: 18    Spells: 2/6 levels left

rFire   . . .      SeeInvis +    a - +1 sling
rCold   . . .      Faith    .    (no shield)
rNeg    . . .      Spirit   .    c - +0 robe
rPois   .          Reflect  .    (helmet restricted)
rElec   .          Harm     .    (no cloak)
rCorr   .          Rampage  .    (gloves unavailable)
Will    .....                    (boots unavailable)
Stlth   ++                       (no amulet)
HPRegen 0.24/turn                j - ring of flight
MPRegen 0.11/turn                (no ring)

@: flying, very quick
A: very small, no large weapons, unfitting armour, see invisible, speed 3
a: no special abilities


You were on level 7 of the Dungeon.
You visited 1 branch of the dungeon, and saw 5 of its levels.

You collected 151 gold pieces.

Inventory:

Hand Weapons
 a - a +1 sling (weapon)
 d - a +0 arbalest
Missiles
 n - 6 poisoned darts
Armour
 c - a +0 robe (worn)
 g - a +0 buckler
Magical Staves
 o - a staff of poison
 s - a staff of death
Jewellery
 j - a ring of flight (left hand)
Scrolls
 b - a scroll of poison
 f - a scroll of fear
 h - a scroll of amnesia
 i - 2 scrolls of fog
 m - a scroll of teleportation
 p - a scroll of immolation {unknown}
 q - a scroll of torment {unknown}
 r - a scroll of noise {unknown}
Potions
 e - a potion of haste {unknown}
 k - 2 potions of heal wounds {unknown}
 l - a potion of resistance {unknown}
 t - a potion of attraction {unknown}
 u - a potion of lignification {unknown}
 v - a potion of mutation {unknown}


   Skills:
 - Level 0.7 Fighting
 + Level 5.5 Ranged Weapons
 - Level 2.6 Dodging
 - Level 1.3 Spellcasting
 - Level 3.6 Hexes


You had 2 spell levels left.
You knew the following spells:

 Your Spells              Type           Power      Damage    Failure   Level
a - Slow                  Hex            44%        N/A       6%          1
b - Inner Flame           Hex/Fire       6%         N/A       36%         3

Your spell library contained the following spells:

 Spells                   Type           Power      Damage    Failure   Level
 Sandblast                Erth           0%         2d4       26%         1
 Passwall                 Tmut/Erth      0%         N/A       36%         2
 Portal Projectile        Hex/Tloc       12%        N/A       36%         3
 Cause Fear               Hex            5%         N/A       50%         4
 Hailstorm                Conj/Ice       0%         3d3       58%         3
 Ignite Poison            Fire/Tmut/Pois 0%         N/A       58%         3
 Kindle Blastsparks       Fire/Tloc/Air  0%         2d10      58%         3
 Stone Arrow              Conj/Erth      0%         3d7       58%         3
 Ice Form                 Ice/Tmut       0%         N/A       94%         4
 Freezing Cloud           Conj/Ice/Air   0%         6-21      100%        5
 Simulacrum               Ice/Necr       0%         N/A       100%        6


Dungeon Overview and Level Annotations

Branches:
Dungeon (4/15)
 Temple: D:4-7

Altars:

Shops:
D:3 (


Innate Abilities, Weirdness & Mutations

You are very small and have problems with some larger weapons.
You are too small for most types of armour.
You have supernaturally acute eyesight. (SInv)
You cover ground extremely quickly. (Speed+++)


Message History

You shoot a sling bullet. The sling bullet hits the jelly.
You kill the jelly!
Found a scroll of identify.
A centaur comes into view.
The centaur shouts!
The centaur wields a +0 shortbow.
The centaur shoots an arrow.
The arrow closely misses you.
Casting: Inner Flame (extremely dangerous; 36% risk of failure)
Confirm with . or Enter, or press ? or * to list all spells.
The spell is extremely dangerous to miscast (36% risk of failure)!
Continue anyway?
Aiming: Inner Flame (extremely dangerous; 36% risk of failure)
Press: ? - help, Dir - move target, f - centaur
Aim: a centaur, wielding a +0 shortbow (chance to affect: 50%)
The centaur resists with significant effort.
Casting: Inner Flame (extremely dangerous; 36% risk of failure)
Confirm with . or Enter, or press ? or * to list all spells.
The spell is extremely dangerous to miscast (36% risk of failure)!
Continue anyway?
Aiming: Inner Flame (extremely dangerous; 36% risk of failure)
Press: ? - help, Dir - move target, f/p - centaur
Aim: a centaur, wielding a +0 shortbow (chance to affect: 50%)
The centaur is filled with an inner flame.
The centaur shoots an arrow.
The arrow barely misses you.
You shoot a sling bullet.
The sling bullet hits the centaur but does no damage.
The centaur shoots an arrow.
The arrow hits you!
Ouch! That really hurt!
The centaur shoots an arrow.
The arrow completely misses you.
You are too injured to fight recklessly!
Fire: a) +1 sling
Press: ? - help, Q - select action, (/) - cycle Shift-Dir - straight line, f/p - centaur
Aim: a centaur, wielding a +0 shortbow (inner flame, 72% to hit)
You shoot a sling bullet. The sling bullet hits the centaur.
Flame seeps out of the centaur.
The centaur is lightly wounded.
A water moccasin comes into view.
The centaur is engulfed in blazing flames.
Flame seeps out of the centaur.
The centaur shoots an arrow.
The arrow hits you!
Ouch! That really hurt!
You die...

.. #c ###.######
##........###
S........... ..
##.....>..# ...
..........#
.#.##
.?.....@..# .#
..
..........####
##.# #.
.###..###....###
#..# . #...
####...###.#####
#...
###..........
#.#. #####.#####
#.# ...# # #
##### # #


You could see a water moccasin (wandering) and a centaur (inner flame).

Vanquished Creatures
  A jelly (D:7)
  4 gnolls (D:2)
  2 adders
  3 worms (D:2)
  6 ball pythons
  4 endoplasms
  3 giant cockroaches
  8 goblins
  A hobgoblin (D:1)
  7 jackals
  3 quokkas
  9 bats
  6 frilled lizards
  9 kobolds
  9 rats
75 creatures vanquished.

Vanquished Creatures (others)
  A plant (D:2)
1 creature vanquished.

Grand Total: 76 creatures vanquished

Notes
Turn   | Place    | Note
-------+----------+-------------------------------------------
     0 | D:1      | Hubris850 the Spriggan Hexslinger began the quest for the
                  | Orb.
     0 | D:1      | Reached XP level 1. HP: 9/9 MP: 3/3
   245 | D:1      | Reached XP level 2. HP: 14/14 MP: 5/5
   310 | D:1      | Reached skill level 3 in Ranged Weapons
   733 | D:1      | Reached XP level 3. HP: 17/17 MP: 6/6
   737 | D:1      | Learned a level 3 spell: Inner Flame
  1126 | D:2      | Reached skill level 4 in Ranged Weapons
  1636 | D:2      | Reached XP level 4. HP: 21/21 MP: 7/7
  1936 | D:3      | HP: 1/21 [worm (11)]
  2039 | D:2      | Reached skill level 5 in Ranged Weapons
  2238 | D:3      | Found Fueroq's Antique Weapon Shop.
  2317 | D:3      | Reached XP level 5. HP: 25/25 MP: 8/8
  2370 | D:3      | Found a faded altar of an unknown god.
  2571 | D:4      | You are sucked into a shaft and drop 3 floors!
  2614 | D:7      | Noticed a centaur
  2618 | D:7      | Noticed a water moccasin
  2618 | D:7      | Shot with an arrow by a centaur

Illustrated notes

Levels and vault maps discovered:
D:1:      heliophobic_arrival_enchanted_forest, layout_basic,
          roderic_roman_lattice
D:2:      layout_loops_ring, serial_bayou_pond_b, minmay_stone_trees_medium
D:3:      layout_rooms, serial_shops, nicolae_diamond_shop,
          dreamdust_ecumenical_altar_statues
D:4:      layout_cave_pools, minmay_temple_entry_junction, serial_shops, shop,
          uniq_eustachio, uniq_menkaure, uniq_pikel, uniq_sigmund, uniq_duvessa
D:7:      layout_rooms

Skill      XL: |  1  2  3  4 |
---------------+-------------+-----
Ranged Weapons | 3 4 5 |  5.5
Fighting       | |  0.7
Dodging        | |  2.6
Spellcasting   | |  1.3
Hexes          | |  3.6

Action                     |  1- 3 |  4- 6 || total
---------------------------+-------+-------++-------
   Fire: Sling             |   162 |    87 ||   249
   Cast: Slow              |     1 |       ||     1
         Inner Flame       |     1 |     3 ||     4
    Use: Scroll            |       |     4 ||     4
 Armour: Robe              |    12 |     1 ||    13
  Dodge: Dodged            |    73 |     7 ||    80

Table legend: (Time is in decaauts)
 A = Elapsed time spent in this place.
 B = Non-inter-level travel time spent in this place.
 C = Inter-level travel time spent in this place.
 D = Time resting spent in this place.
 E = Time spent auto-exploring this place.
 F = Levels seen in this place.
 G = Mean time per level.
                   A        B        C        D        E       F      G
               +--------+--------+--------+--------+--------+-----+--------+
         Total |   1861 |   1810 |     51 |     98 |   1203 |   5 |  372.2 |
       Dungeon |   1861 |   1810 |     51 |     98 |   1203 |   5 |  372.2 |
               +--------+--------+--------+--------+--------+-----+--------+

Top non-repeatable levels by time:
     D:1: 732 daAuts
     D:2: 714 daAuts
     D:3: 383 daAuts
     D:7: 31 daAuts
